 Dungeon Crawl Stone Soup version 0.29-a0-1018-g6b6670bd90 (webtiles) character file.

Game seed: 12497320097122289106

2490 Destapler the Fighter (level 9, -2/121 HPs)
             Began as a Minotaur Fighter on Aug 9, 2022.
             Was a Follower of Makhleb.
             Slain by a gnoll sergeant
             ... wielding the +2 spear of Culihev {pain, *Rage rF++ rCorr MP+9}
              (9 damage)
             ... on level 7 of the Dungeon.
             The game lasted 00:14:59 (7100 turns).

Destapler the Fighter (Minotaur Fighter)            Turns: 7100, Time: 00:14:59

Health: -2/121     AC: 24    Str: 31    XL:     9   Next: 27%
Magic:  10/10      EV:  2    Int:  5    God:    Makhleb [*.....]
Gold:   335        SH:  5    Dex: 10    Spells: 8/8 levels left

rFire   . . .      SeeInvis .   a - +1 trident
rCold   . . .      Faith    .   c - +0 buckler
rNeg    . . .      Spirit   .   (body armour currently unavailable)
rPois   +          Reflect  .   (helmet currently unavailable)
rElec   .          Harm     .   (cloak currently unavailable)
rCorr   +          Rampage  .   (gloves currently unavailable)
Will    .....      NoTele   +   (boots currently unavailable)
Stlth   +.........              e - amulet of magic regeneration
HPRegen 0.30/turn               l - ring of resist corrosion
MPRegen 0.52/turn               m - +6 ring of strength

@: mighty, tree-form
A: stationary, stasis, torment immunity, boosted hp, (horns 2), (retaliatory
headbutt), MP-powered wands
a: Renounce Religion


You were on level 7 of the Dungeon.
You worshipped Makhleb.
Makhleb was aware of your devotion.
You were a tree.
You visited 2 branches of the dungeon, and saw 8 of its levels.
You also visited: Sewer.

You collected 335 gold pieces.

Inventory:

Hand Weapons
 a - a +1 trident (weapon)
 w - a +4 short sword
Missiles
 u - 2 curare-tipped darts (quivered)
 v - 14 poisoned darts
Armour
 b - a +0 scale mail (melded)
 c - a +0 buckler (worn)
 f - a +2 hat (melded)
 j - a +0 pair of gloves (melded)
Jewellery
 e - an amulet of magic regeneration (around neck)
 l - a ring of resist corrosion (left branch)
 m - a +6 ring of strength (right branch)
 t - an amulet of the acrobat
 A - a ring of poison resistance
Wands
 o - a wand of iceblast (22)
Scrolls
 g - a scroll of fear
 s - a scroll of teleportation
 x - a scroll of immolation
 y - a scroll of amnesia
 z - 3 scrolls of identify
 B - a scroll of torment
 F - 2 scrolls of poison
 G - a scroll of blinking {unknown}
Potions
 h - a potion of berserk rage {unknown}
 i - 3 potions of curing
 n - 3 potions of haste
 p - 2 potions of flight
 r - a potion of brilliance
 C - a potion of heal wounds {unknown}
 D - a potion of cancellation {unknown}
 E - a potion of attraction {unknown}


   Skills:
 + Level 8.1 Fighting
 - Level 7.0 Polearms
 + Level 2.9 Throwing
 - Level 7.0 Armour
 + Level 3.1 Dodging
 - Level 7.0 Shields
 + Level 2.8 Invocations
 + Level 2.6 Evocations


You had 8 spell levels left.
You didn't know any spells.
Your spell library contained the following spells:

 Spells                   Type           Power      Damage    Failure   Level
 Freeze                   Ice            0%         1d3       56%         1
 Frozen Ramparts          Ice            0%         1d1       90%         3
 Hailstorm                Conj/Ice       0%         3d3       100%        4
 Ice Form                 Ice/Tmut       0%         N/A       100%        4
 Summon Ice Beast         Ice/Summ       0%         N/A       100%        4


Dungeon Overview and Level Annotations

Branches:
Dungeon (7/15)             Temple (1/1) D:6           Sewer (visited)

Altars:
Ashenzari
Dithmenos
Elyvilon
Fedhas
Gozag
Hepliaklqana
Kikubaaqudgha
Makhleb
Nemelex Xobeh
Ru
Sif Muna
Trog
Uskayaw
Vehumet
Wu Jian
Xom
Yredelemnul
Zin
The Shining One

Shops:
D:1 *

Annotations:
D:7 1 transporter, BritishOli's ghost, novice DsGl; Grum


Innate Abilities, Weirdness & Mutations

You are a tree.
Your roots penetrate the ground, keeping you stationary.
You cannot be teleported.
You are immune to unholy pain and torment.
Your maximum health is greatly increased.
Your equipment is partially melded.
((You have a pair of horns on your head.))
((You reflexively headbutt those who attack you in melee.))
You expend magic power (3 MP) to strengthen your wands.


Message History

* * * LOW HITPOINT WARNING * * *
The gnoll completely misses you.
You closely miss BritishOli's ghost.
BritishOli's ghost is moderately damaged.
The gnoll sergeant hits you but does no damage.
You writhe in agony.
* * * LOW HITPOINT WARNING * * *
You block the gnoll's attack.
Grum hits you from afar with a +0 glaive.
* * * LOW HITPOINT WARNING * * *
BritishOli's ghost hits you but does no damage.
The gnoll sergeant barely misses you.
You hit BritishOli's ghost.
BritishOli's ghost is heavily damaged.
The gnoll sergeant hits you but does no damage.
You writhe in agony.
* * * LOW HITPOINT WARNING * * *
The gnoll hits you from afar with a +3 spear of pain.
* * * LOW HITPOINT WARNING * * *
You block BritishOli's ghost's attack.
Grum hits you from afar with a +0 glaive!!
* * * LOW HITPOINT WARNING * * *
You are too injured to fight recklessly!
Unknown command.
You are too injured to fight recklessly!
Unknown command.
You are too injured to fight recklessly!
Unknown command.
You are too injured to fight recklessly!
Unknown command.
You are too injured to fight recklessly!
It was a potion of magic.
Magic courses through your body.
The gnoll sergeant hits you from afar with the +2 spear of Culihev {pain, *Rage rF++ rCorr MP+9}!
* * * LOW HITPOINT WARNING * * *
You block Grum's attack. BritishOli's ghost hits you.
* * * LOW HITPOINT WARNING * * *
The gnoll hits you but does no damage.
You writhe in agony.
* * * LOW HITPOINT WARNING * * *
The gnoll sergeant hits you from afar with the +2 spear of Culihev {pain, *Rage rF++ rCorr MP+9}!
You die...

###.≈≈≈≈≈≈≈≈≈≈≈≈~≈≈≈≈≈≈≈≈≈≈≈≈.#
###.≈≈≈≈≈≈≈≈≈≈≈≈~≈≈≈≈≈≈≈≈≈≈≈≈.#
....≈≈#####...........#####≈≈.#
###.≈≈#.8.#.###.©.###.#.8h#≈≈.#
###.≈≈#g..###.#####g###...#≈≈.#
....≈≈###...............###≈≈.##
###.≈≈.8#.##'###g######.#8.≈≈..#
##.≈≈.##.#.?g#.W8# #W##.≈≈..#
##..~~.#g.'.ggg.♣⌠# $'hg#.~~..#
....≈≈.##.#.gg#..8# ?$#h##.≈≈..#
###.≈≈.8#.##'###g######.#8.≈≈..#
# #.≈≈###......ggg......###≈≈..#
###.≈≈#...###g#####©###ggg#≈≈..#
....≈≈#.8.#.###.©.###.#.8g#≈≈..##
##..≈≈#####...........#####≈≈...#
#..≈≈≈≈≈≈≈≈≈≈≈...≈≈≈≈≈≈≈≈≈≈≈.#.#
##..≈≈≈≈≈≈≈≈≈≈≈...≈≈≈≈≈≈≈≈≈≈≈.#.#


You could see Grum (swift), 2 gnoll sergeants, a gnoll bouda, BritishOli's ghost
and 7 gnolls.

Vanquished Creatures
  A wyvern (D:7)
  A water moccasin (D:7)
  3 ice beasts
  2 ogres
  A phantom (D:5)
  4 bullfrogs (D:7)
  A gnoll sergeant (D:7)
  3 necrophages
  4 scorpions
  A killer bee (D:7)
  A jelly (D:7)
  2 hounds
  An orc priest (D:7)
  A gnoll bouda (D:7)
  5 iguanas
  An orc wizard (D:5)
  18 gnolls
  24 adders
  3 river rats (Sewer)
  A shadow imp (D:5)
  2 white imps
  An ufetubus (D:7)
  5 worms
  2 dart slugs
  14 orcs
  8 ball pythons
  11 endoplasms
  10 giant cockroaches
  12 goblins
  7 hobgoblins
  22 jackals
  13 quokkas
  10 bats
  4 frilled lizards
  7 kobolds
  6 rats
212 creatures vanquished.

Vanquished Creatures (others)
  An orc wizard (D:7)
  16 plants
17 creatures vanquished.

Grand Total: 229 creatures vanquished

Notes
Turn   | Place    | Note
-------+----------+-------------------------------------------
     0 | D:1      | Destapler the Minotaur Fighter began the quest for the Orb.
     0 | D:1      | Reached XP level 1. HP: 19/19 MP: 0/0
   240 | D:1      | Reached XP level 2. HP: 27/27 MP: 1/1
   279 | D:1      | Found a faded altar of an unknown god.
   324 | D:1      | Reached skill level 4 in Fighting
   458 | D:1      | Reached XP level 3. HP: 33/33 MP: 2/2
   518 | D:1      | Found Sappeag's General Store.
   991 | D:2      | Reached XP level 4. HP: 34/40 MP: 3/3
  1429 | D:3      | Found a sacrificial altar of Ru.
  1630 | D:3      | Reached XP level 5. HP: 47/47 MP: 4/4
  1630 | D:3      | Found a sparkling altar of Nemelex Xobeh.
  1905 | D:4      | Reached skill level 5 in Fighting
  1906 | D:4      | Reached skill level 5 in Armour
  1906 | D:4      | Reached skill level 5 in Shields
  1917 | D:4      | Reached XP level 6. HP: 19/56 MP: 5/5
  2583 | D:4      | Found a glowing silver altar of Zin.
  2648 | D:4      | Found a bloodstained altar of Trog.
  3234 | D:5      | Entered Level 5 of the Dungeon
  3244 | D:5      | Gained mutation: You expend magic power (3 MP) to
                  | strengthen your wands. [potion of mutation]
  3390 | D:5      | Reached skill level 5 in Polearms
  3390 | D:5      | Reached XP level 7. HP: 55/62 MP: 6/6
  3485 | D:5      | Reached skill level 6 in Fighting
  3575 | D:5      | Found a glowing drain.
  3597 | Sewer    | Entered a sewer
  4657 | D:5      | Reached XP level 8. HP: 71/71 MP: 7/7
  4770 | D:5      | Found a basalt altar of Yredelemnul.
  5031 | D:6      | Reached skill level 7 in Fighting
  5173 | D:6      | Found a staircase to the Ecumenical Temple.
  5255 | Temple   | Entered the Ecumenical Temple
  5274 | Temple   | Became a worshipper of Makhleb the Destroyer
  5802 | D:7      | Reached skill level 1 in Throwing
  5802 | D:7      | Reached skill level 1 in Dodging
  5802 | D:7      | Reached skill level 1 in Invocations
  5802 | D:7      | Reached skill level 1 in Evocations
  6144 | D:7      | Found a transporter.
  6145 | D:7      | Found a transporter.
  6150 | D:7      | Identified the +2 spear of Culihev {pain, *Rage rF++ rCorr
                  | MP+9}
  6157 | D:7      | Reached XP level 9. HP: 80/80 MP: 9/9
  6236 | D:7      | Identified the ring "Uhaseej" {Ice Dex+4 SInv}
  6236 | D:7      | Noticed Grum
  6237 | D:7      | Noticed BritishOli's ghost (novice DsGl)
  6524 | D:7      | Reached * piety under Makhleb
  6525 | D:7      | Reached skill level 8 in Fighting
  7100 | D:7      | Slain by a gnoll sergeant

Illustrated notes

Levels and vault maps discovered:
D:1:      lightli_iron_boxes, layout_basic, ebering_ecumenical_altar_mist,
          serial_shops, nicolae_shop_stone, hangedman_decor_push
D:2:      layout_rooms
D:3:      layout_rooms, overflow_temple_1_default,
          mainiacjoe_overflow_cross_hatched, kennysheep_nondescript,
          grunt_decor_arrowhead, due_unseen_surprise
D:4:      layout_basic, zin_academy, minmay_ruined_shrine
D:5:      layout_rooms, lemuel_doored_altar, gup_sewer_entry_pipe,
          kennysheep_generic_room_7
D:6:      layout_loops_cross, minmay_temple_entry_grid
D:7:      minmay_angry_zag, layout_loops_ring, gammafunk_ghost_gnarly_gnolls
Temple:   nicolae_temple_no_exploring_needed

Skill      XL: |  1  2  3  4  5  6  7  8  9 |
---------------+----------------------------+-----
Armour         | 4 5 6 7 |  7.0
Fighting       | 4 5 6 7 8 |  8.1
Shields        | 4 5 6 7 |  7.0
Polearms       | 3 4 5 6 7 |  7.0
Throwing       | 2 |  2.9
Dodging        | 2 3 |  3.1
Invocations    | 2 |  2.8
Evocations     | 1 2 |  2.6

Action                   |  1- 3 |  4- 6 |  7- 9 || total
-------------------------+-------+-------+-------++-------
Melee: Trident           |    92 |   178 |   349 ||   619
       Headbutt          |    10 |    19 |    49 ||    78
Evoke: Wand              |       |     3 |       ||     3
  Use: Scroll            |     3 |     9 |     4 ||    16
       Potion            |       |     1 |     7 ||     8
Armor: Scale mail        |    51 |    55 |   127 ||   233
       Skin              |       |       |    10 ||    10
Dodge: Dodged            |    30 |    66 |   108 ||   204
Block: Buckler           |    21 |    23 |    75 ||   119

Table legend: (Time is in decaauts)
 A = Elapsed time spent in this place.
 B = Non-inter-level travel time spent in this place.
 C = Inter-level travel time spent in this place.
 D = Time resting spent in this place.
 E = Time spent auto-exploring this place.
 F = Levels seen in this place.
 G = Mean time per level.
                   A        B        C        D        E       F      G
               +--------+--------+--------+--------+--------+-----+--------+
         Total |   7334 |   7069 |    265 |    224 |   5397 |   9 |  814.9 |
       Dungeon |   6203 |   5938 |    265 |    224 |   4645 |   7 |  886.1 |
        Temple |     26 |     26 |      0 |      0 |      0 |   1 |   26.0 |
         Sewer |   1104 |   1104 |      0 |      0 |    751 |   1 | 1104.0 |
               +--------+--------+--------+--------+--------+-----+--------+

Top non-repeatable levels by time:
     D:4: 1387 daAuts
     D:7: 1304 daAuts
   Sewer: 1104 daAuts
     D:6: 814 daAuts
     D:5: 768 daAuts
     D:1: 758 daAuts
     D:2: 624 daAuts
     D:3: 546 daAuts
  Temple: 26 daAuts
